 Dungeon Crawl Stone Soup version 0.27-a0-1586-gd5c625afe7 (webtiles) character file.

Game seed: 13451430248784971737

458 HAL9000 the Chucker (level 7, -6/34 HPs)
             Began as a Vine Stalker Brigand on July 18, 2021.
             Was an Initiate of Dithmenos.
             Killed by divine providence
             ... invoked by an orc priest
              (12 damage)
             ... on level 4 of the Dungeon.
             The game lasted 00:06:18 (3216 turns).

HAL9000 the Chucker (Vine Stalker Brigand)          Turns: 3216, Time: 00:06:18

Health: -6/34      AC:  6    Str: 14    XL:     7   Next: 6%
Magic:  0/8        EV: 15    Int: 12    God:    Dithmenos [......]
Gold:   122        SH:  0    Dex: 16    Spells: 6/6 levels left

rFire    . . .     SeeInvis +   a - +2 dagger (vorpal)
rCold    . . .     Faith    .   (no shield)
rNeg     . . .     Spirit   +   h - +0 leather armour {Will+}
rPois    .         Reflect  .   k - +1 helmet
rElec    .         Harm     .   c - +0 cloak
rCorr    .         Rampage  .   (no gloves)
Will     +....                  (no boots)
Stlth    +++.......             (no amulet)
HPRegen  1.11/turn              p - +4 ring of evasion
MPRegen  0.11/turn              q - ring of see invisible

@: no status effects
A: fangs 2, regeneration 1, magic shield, antimagic bite, no potion heal 2
a: Renounce Religion


You were on level 4 of the Dungeon.
You worshipped Dithmenos.
Dithmenos was noncommittal.
You visited 2 branches of the dungeon, and saw 5 of its levels.

You collected 122 gold pieces.

Inventory:

Hand Weapons
 a - a +2 vorpal dagger (weapon)
Missiles
 d - 6 poisoned darts (quivered)
 e - 2 curare-tipped darts
 f - 7 atropa-tipped darts
 s - 4 boomerangs
Armour
 b - a +0 robe
 c - a +0 cloak (worn)
 h - a +0 leather armour of willpower (worn)
 k - a +1 helmet (worn)
Jewellery
 p - a +4 ring of evasion (left hand)
 q - a ring of see invisible (right hand)
 x - a +4 ring of evasion
Wands
 v - a wand of iceblast (7)
Scrolls
 g - 2 scrolls of teleportation {unknown}
 i - 2 scrolls of noise {unknown}
 j - a scroll of blinking {unknown}
 l - 2 scrolls of summoning {unknown}
 n - a scroll of enchant armour {unknown}
 o - 3 scrolls of brand weapon
 r - a scroll of amnesia {unknown}
 u - a scroll of enchant weapon {unknown}
 y - a scroll of identify {unknown}
 z - a scroll of holy word {unknown}
Potions
 m - 2 potions of curing {unknown}
 t - a potion of cancellation {unknown}
 w - a potion of degeneration {unknown}


   Skills:
 - Level 1.7 Fighting
 + Level 2.1 Short Blades
 - Level 6.6 Throwing
 - Level 0.7 Dodging
 - Level 4.8 Stealth


You had 6 spell levels left.
You didn't know any spells.
Your spell library contained the following spells:

 Spells                   Type           Power      Damage    Failure   Level
 Conjure Flame            Conj/Fire      0%         6-21      77%         3
 Ignite Poison            Fire/Tmut/Pois 0%         N/A       77%         3
 Inner Flame              Hex/Fire       0%         N/A       77%         3
 Cause Fear               Hex            0%         N/A       99%         4
 Sticky Flame             Conj/Fire      0%         2d3       99%         4
 Discord                  Hex            0%         N/A       100%        8


Dungeon Overview and Level Annotations

Branches:
Dungeon (4/15)             Temple (1/1) D:4

Altars:
Cheibriados
Dithmenos
Elyvilon
Fedhas
Gozag
Hepliaklqana
Kikubaaqudgha
Makhleb
Nemelex Xobeh
Okawaru
Qazlal
Ru
Sif Muna
Trog
Uskayaw
Vehumet
Wu Jian
Xom
Yredelemnul
Zin
The Shining One


Innate Abilities, Weirdness & Mutations

You have extremely sharp teeth.
Your natural rate of healing is unusually fast.
When hurt, damage is shared between your health and your magic reserves.
Your bite disrupts and absorbs the magic of your enemies.
Potions cannot restore your health.


Message History

(D) Dungeon (T) Temple
Where to? (Enter - Temple @ (x,y), ? - help)
There is an open door here.
There is a staircase back to the Dungeon here.
You climb upwards.
Welcome back to the Dungeon!
There is a staircase to the Ecumenical Temple here.
Unknown command.
Found a robe.
Found a kite shield.
A giant cockroach comes into view.
A giant cockroach is nearby!
A giant cockroach is nearby!
You hit the giant cockroach but do no damage.
Your bite misses the giant cockroach. The giant cockroach barely misses you.
You hit the giant cockroach.
You kill the giant cockroach!
Dithmenos accepts your kill.
No target in view!
No target in view!
You enter the shallow water.
Moving in this stuff is going to be slow.
Found 21 sling bullets.
An orc priest comes into view. It is wielding a +0 mace.
An orc priest is nearby!
An orc wizard comes into view. It is wielding a +0 dagger.
An orc priest comes into view. It is wielding a +0 dagger.
The orc wizard shouts!
The orc priest shouts! x2; You hear a shout!
An orc priest comes into view. It is wielding a +0 short sword.
The orc priest calls down the wrath of Beogh upon you.
Beogh smites you!
You hit the orc priest.
The orc priest is lightly wounded.
The orc priest calls down the wrath of Beogh upon you.
Beogh smites you!
The orc priest mumbles some strange prayers to Beogh against you.
Beogh smites you!
* * * LOW HITPOINT WARNING * * *
The orc priest mumbles some strange prayers to Beogh against you.
Beogh smites you!
You die...

#.##.#
#.#o. #...o
.... ##..#
##.o.#
##..o.#
##.....#
#....@.##
#...##....#
..# #....#
.
##..##.....
#..## ....#
#..# ..##
##.## ....
#..# ...
#.## .#


You could see 2 orc priests and an orc wizard.

Vanquished Creatures
  An ice beast (D:3)
  A sky beast (D:3)
  An orc priest (D:2)
  Jessica (D:2)
  Ijyb (D:4)
  2 orc wizards (D:3)
  Robin (D:2)
  A gnoll (D:1)
  4 adders
  A worm (D:2)
  A dart slug (D:1)
  5 orcs (D:3)
  6 bats
  8 endoplasms
  3 giant cockroaches
  8 goblins
  7 hobgoblins
  10 kobolds
  4 quokkas
  3 ball pythons
  3 frilled lizards
  9 rats
81 creatures vanquished.

Vanquished Creatures (others)
  A plant (D:1)
1 creature vanquished.

Grand Total: 82 creatures vanquished

Notes
Turn   | Place    | Note
-------+----------+-------------------------------------------
     0 | D:1      | HAL9000 the Vine Stalker Brigand began the quest for the
                  | Orb.
     0 | D:1      | Reached XP level 1. HP: 11/11 MP: 2/2
    34 | D:1      | Reached skill level 2 in Throwing
   143 | D:1      | Reached XP level 2. HP: 13/15 MP: 1/3
   574 | D:1      | Found a faded altar of an unknown god.
   725 | D:1      | Reached skill level 3 in Throwing
   733 | D:1      | Reached XP level 3. HP: 18/18 MP: 4/4
  1383 | D:2      | Noticed Jessica
  1389 | D:2      | Killed Jessica
  1390 | D:2      | Reached skill level 4 in Throwing
  1390 | D:2      | Gained mutation: Your natural rate of healing is unusually
                  | fast. [Vine Stalker growth]
  1390 | D:2      | Reached XP level 4. HP: 23/23 MP: 5/5
  1707 | D:2      | Found a white marble altar of Elyvilon.
  1876 | D:2      | Noticed Robin
  1887 | D:2      | Killed Robin
  2071 | D:3      | Reached XP level 5. HP: 25/26 MP: 6/6
  2163 | D:3      | Noticed a sky beast
  2193 | D:3      | Killed a sky beast
  2194 | D:3      | Reached skill level 5 in Throwing
  2194 | D:3      | Reached XP level 6. HP: 23/30 MP: 3/7
  2233 | D:3      | Noticed an ice beast
  2520 | D:3      | Reached skill level 6 in Throwing
  2676 | D:3      | Killed an ice beast
  2677 | D:3      | Reached XP level 7. HP: 34/34 MP: 8/8
  2767 | D:4      | Noticed Ijyb
  2777 | D:4      | Killed Ijyb
  2887 | D:4      | Found a staircase to the Ecumenical Temple.
  2908 | Temple   | Entered the Ecumenical Temple
  3054 | Temple   | Became a worshipper of Dithmenos the Shadowed
  3216 | D:4      | Killed from afar by an orc priest

Illustrated notes

Levels and vault maps discovered:
D:1:      lemuel_arrival_funnel, layout_basic, serial_forest,
          infiniplex_forest_lined_corner, infiniplex_forest_zigzag_1,
          infiniplex_forest_lined_room_2, infiniplex_forest_lined_3_way,
          infiniplex_forest_end_1, infiniplex_forest_split,
          infiniplex_forest_clump_tiny, shapermc_ecumenical_altar_mp_highgroup,
          ebering_dispersal_statue_hall
D:2:      layout_loops_ring, basic_altar, uniq_jessica, uniq_robin
D:3:      layout_rooms
D:4:      layout_layer_cave, minmay_temple_entry_stoned_glass,
          serial_bayou_lagoon_b, uniq_crazy_yiuf_cottage, uniq_ijyb,
          uniq_duvessa
Temple:   kilobyte_greek_temple

Skill      XL: |  1  2  3  4  5  6  7 |
---------------+----------------------+-----
Throwing       | 2 3 4 5 6 |  6.6
Short Blades   | 2 |  2.1
Fighting       | |  1.7
Dodging        | |  0.7
Stealth        | |  4.8

Action                   |  1- 3 |  4- 6 |  7- 9 || total
-------------------------+-------+-------+-------++-------
Melee: Dagger            |    84 |   152 |     5 ||   241
       Bite              |    21 |    35 |       ||    56
Throw: Dart              |       |    16 |     5 ||    21
  Use: Scroll            |       |     1 |       ||     1
 Stab: Sleeping          |     6 |    10 |       ||    16
       Invisible         |       |     2 |       ||     2
Armor: Robe              |     9 |       |       ||     9
       Leather armour    |    21 |    36 |       ||    57
Dodge: Dodged            |    52 |    93 |     2 ||   147

Table legend: (Time is in decaauts)
 A = Elapsed time spent in this place.
 B = Non-inter-level travel time spent in this place.
 C = Inter-level travel time spent in this place.
 D = Time resting spent in this place.
 E = Time spent auto-exploring this place.
 F = Levels seen in this place.
 G = Mean time per level.
                   A        B        C        D        E       F      G
               +--------+--------+--------+--------+--------+-----+--------+
         Total |   3193 |   3003 |    190 |    218 |   2148 |   5 |  638.6 |
       Dungeon |   3014 |   2873 |    141 |    218 |   2021 |   4 |  753.5 |
        Temple |    178 |    129 |     49 |      0 |    127 |   1 |  178.0 |
               +--------+--------+--------+--------+--------+-----+--------+

Top non-repeatable levels by time:
     D:1: 1372 daAuts
     D:3: 687 daAuts
     D:2: 683 daAuts
     D:4: 271 daAuts
  Temple: 178 daAuts
